Workbook

Sheet Tipos de Riesgo
A3: TIPOS DE RIESGO
A4: Económicos | B4: Riesgos Económicos: son los derivados del comportamiento del mercado, tales como la fluctuación de los precios de los insumos, desabastecimiento y especulación de los mismos, entre otros.
A5: Sociales | B5: Riesgos Sociales o Políticos: son los derivados de los cambios de las políticas gubernamentales y decambios en las condiciones sociales que tengan impacto en la ejecución del contrato.
A6: Operacionales | B6: Riesgos Operacionales: son los asociados a la operatividad del contrato, tales como la suficiencia del presupuesto oficial, del plazo o los derivados de procesos, procedimientos, parámetros, sistemas de información y tecnológicos, equipos humanos o técnicos inadecuados o insuficientes.
A7: Financieros | B7: Riesgos Financieros: son (i) el riesgo de consecución de financiación o riesgo de liquidez para obtener recursos para cumplir con el objeto del contrato, y (ii) el riesgo de las condiciones financieras establecidas para la obtención de los recursos, tales como plazos, tasas, garantías, contragarantías, y refinanciaciones, entre otros.
A8: Regulatorio | B8: Riesgos Regulatorios: derivados de cambios regulatorios o reglamentarios que afecten la ecuación económica del contrato.
A9: De la Naturaleza | B9: Riesgos de la Naturaleza: son los eventos naturales previsibles en los cuales no hay intervención humana que puedan tener impacto en la ejecución del contrato, por ejemplo los temblores, inundaciones, lluvias, sequías, entre otros.
A10: Ambientales | B10: Riesgos Ambientales: son los derivados de las obligaciones legales o reglamentarias de carácter ambiental, así como de la control, entre otras.s licencias, planes de manejo o de permisos y autorizaciones ambientales, incluyendo tasas retributivas y compensatorias, obligaciones de mitigación, tareas de monitoreo y
A11: Tecnológicos | B11: Riesgos Tecnológicos: son los derivados de fallas en los sistemas de comunicación de voz y de datos, suspensión de servicios públicos, nuevos desarrollos tecnológicos o estándares que deben ser tenidos en cuenta para la ejecución del contrato, obsolescencia tecnológica.
A16: PROBABILIDAD DEL RIESGO | B16: VALORACIÓN
A17: 1 | B17: Raro
A18: 2 | B18: Improbable
A19: 3 | B19: Posible
A20: 4 | B20: Probable
A21: 5 | B21: Casi cierto
A25: IMPACTO DEL RIESGO | B25: VALORACIÓN
A26: 1 | B26: Insignificante
A27: 2 | B27: Menor
A28: 3 | B28: Moderado
A29: 4 | B29: Mayor
A30: 5 | B30: Catastrófico
A33: CATEGORÍA DEL RIESGO | B33: VALORACIÓN
A34: 2 | B34: Riesgo Bajo
A35: 3 | B35: Riesgo Bajo
A36: 4 | B36: Riesgo Bajo
A37: 5 | B37: Riesgo Medio
A38: 6 | B38: Riesgo Alto
A39: 7 | B39: Riesgo Alto
A40: 8 | B40: Riesgo Extremo
A41: 9 | B41: Riesgo Extremo
A42: 10 | B42: Riesgo Extremo
A46: ETAPAS
A47: Planeación
A48: Selección
A49: Contratación
A50: Ejecución

Sheet Matriz de Riesgos Kawak
A1: MATRIZ DE IDENTIFICACION Y DISTRIBUCION DE RIESGOS
A3: CONTRATACION DIRECTA
A4: OBJETO: | F4: ADQUISICION DE EQUIPO DE COMPUTO PARA LA DIRECCION GENERAL DEL INSTITUTO NACIONAL DE VIAS
A6: No. | B6: Clase | C6: Fuente | D6: Etapa | E6: Tipo | F6: Descripción | G6: Consecuencia de la ocurrencia del evento | H6: Probabilidad | I6: Impacto | J6: Evaluación | K6: Categoría | L6: ¿A quién se asigna? | M6: Tratamiento/Control a implementar | N6: Impacto después del tratamiento. | R6: ¿Afecta a la ejecución del contrato? | S6: Persona o area encargada de ejecutar el tratamiento | T6: Fecha estimada de inicio del tratamiento | U6: Fecha estimada de finalización del tratamiento | V6: Monitoreo y revisión
N7: Probabilidad | O7: Impacto | P7: Evaluación | Q7: Categoría | V7: ¿Cómo se realiza el seguimiento? | W7: Periodicidad
A8: 1 | B8: General | C8: Interno | D8: Planeación | E8: Operacional | F8: Se presenta cuando la definición de la necesidad y el objeto establecido en el estudio previo, no se ajusta a la modalidad de selección aplicable. | G8: Retrasos en la revisión y ajuste del estudio previo y aprobación del mismo. | H8: 2 | I8: 2 | J8: =+H8+I8 -> 4 | K8: =VLOOKUP('Matriz de Riesgos Kawak'!J8,'Tipos de Riesgo'!$A$34:$B$42,2,FALSE) -> Riesgo Bajo | L8: Entidad | M8: ETAPA PLANEACION: Revisión y apoyo jurídico a las dependencias que solicitan la contratación, aclarando los requisitos y la aplicabilidad de cada una de las modalidades de selección. | N8: 1 | O8: 1 | P8: =+N8+O8 -> 2 | Q8: =VLOOKUP('Matriz de Riesgos Kawak'!P8,'Tipos de Riesgo'!$A$34:$B$42,2,FALSE) -> Riesgo Bajo | R8: SI | S8: Dirección de Contratación | T8: Inicio etapa precontractual | U8: Finalización etapa precontractual | V8: Seguimiento semanal en comité | W8: Finalizada la etapa de planeación
A9: 2 | B9: General | C9: Externo | D9: Selección | E9: Tecnológicos | F9: Ocurre cuando se presentan fallas en la disponibilidad del Sistema de Contratación Pública – SECOP (www.colombiacompra.gov.co) | G9: Retraso o incumplimiento de los plazos legales para la publicación de los actos y/o documentos derivados de los procesos contractuales | H9: 3 | I9: 2 | J9: =+H9+I9 -> 5 | K9: =VLOOKUP('Matriz de Riesgos Kawak'!J9,'Tipos de Riesgo'!$A$34:$B$42,2,FALSE) -> Riesgo Medio | L9: Entidad | M9: ETAPA PLANEACION: Elaboración de un cronograma con plazos que permitan tener movilidad en caso de fallas del SECOP. | N9: 3 | O9: 1 | P9: =+N9+O9 -> 4 | Q9: =VLOOKUP('Matriz de Riesgos Kawak'!P9,'Tipos de Riesgo'!$A$34:$B$42,2,FALSE) -> Riesgo Bajo | R9: NO | S9: Dirección de Contratación | T9: Inicio etapa precontractual | U9: Finalización etapa precontractual | V9: Seguimiento semanal en comité | W9: Finalizada la etapa de selección
A10: 3 | B10: General | C10: Externo | D10: Contratación | E10: Operacional | F10: Se presenta cuando el contratista Seleccionado no firma el contrato en el plazo establecido y/o se retrasa en la constitución y presentación de las garantías que amparan el cumplimiento del contrato. | G10: Retraso en el inicio de la ejecución del contrato y afectación en el logro de los objetivos y satisfacción de la necesidad propuesta. | H10: 2 | I10: 3 | J10: =+H10+I10 -> 5 | K10: =VLOOKUP('Matriz de Riesgos Kawak'!J10,'Tipos de Riesgo'!$A$34:$B$42,2,FALSE) -> Riesgo Medio | L10: Contratista | M10: ETAPA PLANEACION: Se establecen plazos perentorios para el perfeccionamiento y ejecución del contrato. | N10: 1 | O10: 2 | P10: 3 | Q10: Riesgo Bajo | R10: NO | S10: Dirección de Contratación | T10: Inicio etapa precontractual | U10: Finalización etapa precontractual | V10: Seguimiento semanal en comité | W10: Finalizada la etapa de contratación
A11: 4 | B11: General | C11: Externa | D11: Contratación | E11: Financieros | F11: Variabilidad en la tasa de cambio | G11: Retrasos en la revisión y ajuste del estudio previo y aprobación del mismo. También puede ocasionar retraso o incumplimiento de los plazos legales para la publicación de los actos y/o documentos derivados de los procesos contractuales | H11: 3 | I11: 3 | J11: =+H11+I11 -> 6 | K11: =VLOOKUP('Matriz de Riesgos Kawak'!J11,'Tipos de Riesgo'!$A$34:$B$42,2,FALSE) -> Riesgo Alto | L11: Entidad y contratista | M11: ETAPA PLANEACION: Para establecer el presupuesto del contrato se tuvo en cuenta cantidades estimadas las cuales se advierte pueden tener variaciones. | N11: 1 | O11: 2 | P11: =+N11+O11 -> 3 | Q11: =VLOOKUP('Matriz de Riesgos Kawak'!P11,'Tipos de Riesgo'!$A$34:$B$42,2,FALSE) -> Riesgo Bajo | R11: SI | S11: Entidad | T11: Inicio etapa precontractual | U11: Finalización etapa precontractual | V11: Desarrollo de Estudio de Mercado y aplicación de conclusiones para el eventual proceso. | W11: Finalizada la etapa precontractual y contractual
A12: 5 | B12: General | C12: Externa | D12: Ejecución | E12: Financieros | F12: Variaciones de los componentes económicos necesarios para la ejecución del contrato, tales como la financiación, la contratación de personal, labores administrativas, los procedimientos utilizados, equipos y materiales requeridos. | G12: Afecta equilibrio contractual, puede generar adiciones | H12: 3 | I12: 3 | J12: =+H12+I12 -> 6 | K12: =VLOOKUP('Matriz de Riesgos Kawak'!J12,'Tipos de Riesgo'!$A$34:$B$42,2,FALSE) -> Riesgo Alto | L12: Entidad | M12: ETAPA PLANEACION: Para establecer el presupuesto del contrato se tuvo en cuenta cantidades estimadas las cuales se advierte pueden tener variaciones por ser estimadas. | N12: 1 | O12: 2 | P12: =+N12+O12 -> 3 | Q12: =VLOOKUP('Matriz de Riesgos Kawak'!P12,'Tipos de Riesgo'!$A$34:$B$42,2,FALSE) -> Riesgo Bajo | R12: SI | S12: Supervisor del contrato | T12: Ejecución contractual | U12: Finalización etapa precontractual | V12: Seguimiento semanal en comité | W12: Finalizada la etapa de ejecución
A13: 6 | B13: General | C13: Interno | D13: Ejecución | E13: Operacional | F13: Ocurre cuando se presentan demoras por parte de la Entidad en las aprobaciones previas de los productos y/o servicios entregados por el contratista. | G13: Afecta el cumplimiento de las obligaciones del contratante a cargo del Supervisor del contrato, relacionadas con la aprobación de productos y/o informes. Puede generar prórrogas | H13: 3 | I13: 3 | J13: =+H13+I13 -> 6 | K13: =VLOOKUP('Matriz de Riesgos Kawak'!J13,'Tipos de Riesgo'!$A$34:$B$42,2,FALSE) -> Riesgo Alto | L13: Entidad | M13: ETAPA CONTRATACION: Revisión y aprobación oportuna de la documentación inherente a los productos e informes del contrato. | N13: 2 | O13: 2 | P13: =+N13+O13 -> 4 | Q13: =VLOOKUP('Matriz de Riesgos Kawak'!P13,'Tipos de Riesgo'!$A$34:$B$42,2,FALSE) -> Riesgo Bajo | R13: SI | S13: Supervisor del contrato | T13: Ejecución contractual | U13: Finalización etapa ejecución | V13: Seguimiento semanal en comité | W13: Finalizada la etapa de ejecución
A14: 7 | B14: General | C14: Externo | D14: Ejecución | E14: Operacional | F14: Ocurre cuando se presentan demoras por parte del contratista en las entregas de productos y/o informes. | G14: Afecta el cumplimiento de las obligaciones del contratista. Puede generar sanciones y prórrogas | H14: 3 | I14: 3 | J14: =+H14+I14 -> 6 | K14: =VLOOKUP('Matriz de Riesgos Kawak'!J14,'Tipos de Riesgo'!$A$34:$B$42,2,FALSE) -> Riesgo Alto | L14: Entidad y contratista | M14: ETAPA CONTRATACION: Aplicación inmediata de los procedimientos para evitar la paralización del contrato y en caso de ser procedente la aplicación de las sanciones correspondientes | N14: 2 | O14: 3 | P14: =+N14+O14 -> 5 | Q14: =VLOOKUP('Matriz de Riesgos Kawak'!P14,'Tipos de Riesgo'!$A$34:$B$42,2,FALSE) -> Riesgo Medio | R14: SI | S14: Contratista | T14: Ejecución contractual | U14: Finalización etapa ejecución | V14: Seguimiento semanal en comité | W14: Finalizada la etapa de ejecución
A15: 8 | B15: General | C15: Externo | D15: Ejecución | E15: Regulatorio | F15: Se presenta por la expedición de normas que impongan nuevos tributos, impuestos o cargas parafiscales, que pueden afectar el equilibrio económico del contrato. | G15: Genera una carga adicional a las previstas, que puede afectar a cualquiera o a las dos partes del contrato. No obstante es poco probable por la duración y naturaleza del contrato | H15: 1 | I15: 3 | J15: =+H15+I15 -> 4 | K15: =VLOOKUP('Matriz de Riesgos Kawak'!J15,'Tipos de Riesgo'!$A$34:$B$42,2,FALSE) -> Riesgo Bajo | L15: Entidad y contratista | M15: ETAPA CONTRATACION: Aplicación inmediata de las disposiciones legales y ajuste de los procesos internos de la entidad. | N15: 2 | O15: 1 | P15: =+N15+O15 -> 3 | Q15: =VLOOKUP('Matriz de Riesgos Kawak'!P15,'Tipos de Riesgo'!$A$34:$B$42,2,FALSE) -> Riesgo Bajo | R15: SI | S15: Contratista y entidad | T15: Ejecución contractual | U15: Finalización etapa ejecución | V15: Seguimiento semanal en comité | W15: Finalizada la etapa de ejecución
A16: 9 | B16: Especifico | C16: Externo | D16: Ejecución | E16: Operacional | F16: Riesgo por existencias insuficientes de los componentes, partes o equipos necesarios para dar cumplimiento al objeto contractual | G16: Afecta el cumplimiento de las obligaciones del contratista que puede generar una prórroga, que dada la naturaleza del contrato a celebrar es poco probable pues se requieren principalmente licencias de uso | H16: 1 | I16: 3 | J16: =+H16+I16 -> 4 | K16: =VLOOKUP('Matriz de Riesgos Kawak'!J16,'Tipos de Riesgo'!$A$34:$B$42,2,FALSE) -> Riesgo Bajo | L16: Contratista | M16: ETAPA CONTRATACION: Aplicación de controles, el supervisor del contrato verificará al inicio de la ejecución contractual que el contratista cuente con los elementos requeridos para la ejecución del contrato. | N16: 1 | O16: 1 | P16: =+N16+O16 -> 2 | Q16: =VLOOKUP('Matriz de Riesgos Kawak'!P16,'Tipos de Riesgo'!$A$34:$B$42,2,FALSE) -> Riesgo Bajo | R16: SI | S16: Contratista y Supervisor | T16: Ejecución Contractual | U16: Liquidación del contrato | V16: Seguimiento semanal en comité | W16: Finalizada la etapa de ejecución
A17: 10 | B17: Especifico | C17: Externo | D17: Ejecución | E17: Operacional | F17: No pago oportuno, por parte del contratista, a toda clase de proveedores en relación con compras, alquileres, servicios, contratos, etc. | G17: Las consecuencias son demandas hacia el contratista, que pueden desgastar a la entidad en procesos jurídicos. | H17: 2 | I17: 1 | J17: =+H17+I17 -> 3 | K17: =VLOOKUP('Matriz de Riesgos Kawak'!J17,'Tipos de Riesgo'!$A$34:$B$42,2,FALSE) -> Riesgo Bajo | L17: Contratista | M17: ETAPA CONTRATACION: Aplicación de control por el supervisor durante la ejecución del contrato, para los pagos y solicitar para la liquidación los paz y salvos correspondientes. Incluir póliza de pago se salarios y seguridad social . | N17: 1 | O17: 2 | P17: =+N17+O17 -> 3 | Q17: =VLOOKUP('Matriz de Riesgos Kawak'!P17,'Tipos de Riesgo'!$A$34:$B$42,2,FALSE) -> Riesgo Bajo | R17: SI | S17: Contratista y Supervisor | T17: Ejecución Contractual | U17: Liquidación del contrato | V17: Seguimiento semanal en comité | W17: Finalizada la etapa de ejecución
A18: 11 | B18: Especifico | C18: Externo | D18: Ejecución | E18: Operacional | F18: Errores cometidos por los contratistas en la elaboración de las actas y/o cuentas que ocasionan demoras en su radicación. | G18: Demora en los pagos que puede afectar el desarrollo normal del contrato | H18: 2 | I18: 2 | J18: =+H18+I18 -> 4 | K18: =VLOOKUP('Matriz de Riesgos Kawak'!J18,'Tipos de Riesgo'!$A$34:$B$42,2,FALSE) -> Riesgo Bajo | L18: Contratista | M18: ETAPA EJECUCIÓN: Revisión rápida de documentos radicados por el Contratista para solicitar los ajustes correspondientes a la mayor brevedad posible | N18: 1 | O18: 1 | P18: =+N18+O18 -> 2 | Q18: =VLOOKUP('Matriz de Riesgos Kawak'!P18,'Tipos de Riesgo'!$A$34:$B$42,2,FALSE) -> Riesgo Bajo | R18: SI | S18: Contratista y Supervisor | T18: Ejecución Contractual | U18: Liquidación del contrato | V18: Seguimiento semanal en comité | W18: Finalizada la etapa de ejecución
A19: 12 | B19: Especifico | C19: Externo | D19: Post Contractual | E19: Financieros | F19: Insolvencia financiera del contratista para garantizar la prestación del servicio | G19: Servicios no atendidos con las caracteristicas de calidad establecidas | H19: 2 | I19: 3 | J19: =+H19+I19 -> 5 | K19: =VLOOKUP('Matriz de Riesgos Kawak'!J19,'Tipos de Riesgo'!$A$34:$B$42,2,FALSE) -> Riesgo Medio | L19: Contratista | M19: Seguimiento periodico de los indicadores financieros (Capital de Trabajo, Nivel de endeudamiento, razón corriente, razón cobertura de intereses, entre otros) del contratista, durante la ejecución del contrato. | N19: 1 | O19: 1 | P19: =+N19+O19 -> 2 | Q19: =VLOOKUP('Matriz de Riesgos Kawak'!P19,'Tipos de Riesgo'!$A$34:$B$42,2,FALSE) -> Riesgo Bajo | R19: SI | S19: Entidad | T19: Ejecución Contractual | U19: Liquidación del contrato | V19: A través de la presentación por parte del contratista de estados financieros. El periodo lo define la Entidad | W19: Finalizada la etapa de ejecución
